 Dungeon Crawl Stone Soup version 0.17.1-3-g152610e (webtiles) character file.

5390 Peloso the Blocker (level 10, -3/90 HPs)
             Began as a Minotaur Fighter on Apr 1, 2016.
             Was a Priest of Okawaru.
             Slain by a troll (6 damage)
             ... on level 9 of the Dungeon.
             The game lasted 00:22:36 (6927 turns).

Peloso the Blocker (Minotaur Fighter)               Turns: 6927, Time: 00:22:36

Health: -3/90      AC: 21    Str: 27    XL:     10   Next: 39%
Magic:  9/9        EV:  8    Int:  5    God:    Okawaru [***...]
Gold:   452        SH: 13    Dex: 12    Spells: 0 memorised, 9 levels left

rFire  x . .     SeeInvis .     a - +0 long sword
rCold  + . .     Clarity  .     n - +0 plate armour
rNeg   . . .     SustAt   .     c - +0 shield
rPois  .         Gourm    .     (helmet restricted)
rElec  .         Spirit   .     P - +1 cloak {+Inv}
rCorr  .         Warding  .     A - +0 pair of gloves
rMut   .         Stasis   .     L - +2 pair of boots
MR     .....                    B - amulet of regeneration
Stlth  ..........               j - ring of wizardry
                                k - ring of ice

@: mighty, not resistant to hostile enchantments, extremely unstealthy
A: retaliatory headbutt, horns 2
a: Heroism, Renounce Religion, Evoke Invisibility


You were on level 9 of the Dungeon.
You worshipped Okawaru.
Okawaru was most pleased with you.
You were not hungry.

You visited 1 branch of the dungeon, and saw 9 of its levels.

You collected 452 gold pieces.

Inventory:

Hand Weapons
 a - a +0 long sword (weapon)
 m - a +4 mace
 Q - a +0 trident of freezing
Armour
 b - a +0 scale mail
 c - a +0 shield (worn)
 n - a +0 plate armour (worn)
 w - a +0 cloak
 A - a +0 pair of gloves (worn)
 L - a +2 pair of boots (worn)
 P - a +1 cloak of invisibility (worn)
Jewellery
 j - a ring of wizardry (right hand)
 k - a ring of ice (left hand)
 p - an uncursed ring of sustain attributes {unknown}
 B - an amulet of regeneration (around neck)
 E - a +3 ring of evasion {unknown}
 I - an uncursed ring of fire {unknown}
Wands
 v - a wand of random effects (14)
 H - a wand of fire (6)
 M - a wand of flame (25)
Scrolls
 f - 7 scrolls of identify {unknown}
 o - 7 scrolls of remove curse {unknown}
 s - 2 scrolls of magic mapping {unknown}
 y - 2 scrolls of noise {unknown}
 D - a scroll of teleportation {unknown}
 F - a scroll of immolation {unknown}
 K - a scroll of fear {unknown}
 R - a scroll of blinking {unknown}
Potions
 d - 3 potions of might
 g - a potion of heal wounds {unknown}
 h - 4 potions of flight {unknown}
 l - 3 potions of mutation {unknown}
 q - a potion of cure mutation {unknown}
 r - 3 potions of invisibility {unknown}
 u - a potion of magic {unknown}
 x - 2 potions of brilliance {unknown}
 z - a potion of curing {unknown}
 G - a potion of degeneration {unknown}
Books
 C - a book of Enchantments

   Spells                             Type                      Level
   a - Cause Fear                     Hexes                        4
   b - Silence                        Hexes/Air                    5
   c - Deflect Missiles               Charms/Air                   6
   d - Haste                          Charms                       6
   e - Discord                        Hexes                        8
 O - a book of Fire

   Spells                             Type                      Level
   a - Ignite Poison                  Fire/Transmutation/Poison    3
   b - Fireball                       Conjuration/Fire             5
   c - Bolt of Fire                   Conjuration/Fire             6
   d - Delayed Fireball               Conjuration/Fire             7
   e - Ring of Flames                 Charms/Fire                  7
Comestibles
 e - 7 bread rations
 i - 7 meat rations
 t - 3 beef jerkies
 J - 4 fruits
 N - 4 chunks of flesh


   Skills:
 + Level 8.7 Fighting
 + Level 9.3 Long Blades
 + Level 9.6 Armour
 + Level 3.5 Dodging
 + Level 1.3 Stealth
 + Level 10.5 Shields
 + Level 1.2 Invocations


You had 9 spell levels left.
You didn't know any spells.

Dungeon Overview and Level Annotations

Branches:
Dungeon (9/15)             Temple (0/1) D:6            Lair (0/8) D:8
    Orc: D:9-12

Altars:
Elyvilon
Fedhas
Gozag
Kikubaaqudgha
Makhleb
Okawaru
Qazlal
Sif Muna
Vehumet
Xom
Yredelemnul
The Shining One

Shops:
D:4 *   D:7 ?


Innate Abilities, Weirdness & Mutations

You reflexively headbutt those who attack you in melee.
You have a pair of horns on your head.


Message History

* * * LOW HITPOINT WARNING * * *
You block the troll's attack. The troll claws you but does no damage.
You block the centaur's attack.
You hit the troll. Your headbutt misses the troll.
The troll is almost dead.
You block the centaur's attack. The troll bites you but does no damage.
The troll claws you but does no damage. The troll claws you.
* * * LOW HITPOINT WARNING * * *
Drink which item? (? for menu, Esc to quit)
You feel very mighty all of a sudden. You block the centaur's attack.
You block the troll's attack. You block the troll's attack.
The troll claws you!
* * * LOW HITPOINT WARNING * * *
You block the centaur's attack.
You closely miss the troll.
The troll is almost dead.
The centaur hits you but does no damage.
You block the troll's attack. The troll claws you but does no damage.
The troll claws you.
You die...

## ....# .. ......
.# ...... ##.# c
...... ...#.#......
#..#.......
#cT.......
##.@.......
####..........
#.###...###...
#...#(..# .#
##......###..
##........#
##.......# ##.....##
###+#######..#######


You could see a troll and a centaur.

Vanquished Creatures
  Erolcha (D:9)
  Pikel (D:4)
  Maurice (D:9)
  The ghost of Zeloya the Cudgeler, a novice KoFi of Okawaru (D:5)
  A two-headed ogre (D:8)
  A spriggan (D:7)
  3 yaks (D:8)
  A hippogriff (D:7)
  The ghost of Jerry the Cudgeler, an amateur DgGl (D:3)
  Edmund (D:4)
  2 orc warriors
  A black bear (D:7)
  An ogre (D:5)
  3 sky beasts
  2 big kobolds
  3 centaurs (D:6)
  4 giant frogs
  2 scorpions
  3 crimson imps
  2 giant frog zombies
  2 jellies
  2 orc priests (D:7)
  A giant frog skeleton (D:5)
  7 orc wizards
  Jessica (D:3)
  2 hounds
  3 iguanas
  5 worker ants
  A hound skeleton (D:5)
  A worker ant zombie (D:6)
  7 gnolls
  Robin (D:4)
  12 adders
  3 shadow imps
  3 oozes
  An adder zombie (D:5)
  A worm (D:5)
  7 giant geckos
  12 orcs
  5 bats
  5 giant cockroaches
  12 goblins
  14 hobgoblins
  7 jackals
  23 kobolds
  3 quokkas
  A giant gecko zombie (D:5)
  4 giant newts
  4 rats
  2 bushes (D:3)
  A plant (D:3)
188 creatures vanquished.

Vanquished Creatures (others)
  A giant frog skeleton (D:4)
  3 orcs (D:4)
  A hobgoblin (D:4)
  A ball python (D:4)
  2 giant newts (D:4)
8 creatures vanquished.

Grand Total: 196 creatures vanquished

Notes
Turn   | Place    | Note
--------------------------------------------------------------
     0 | D:1      | Peloso the Minotaur Fighter began the quest for the Orb.
     0 | D:1      | Reached XP level 1. HP: 19/19 MP: 0/0
   147 | D:1      | Reached XP level 2. HP: 24/27 MP: 1/1
   263 | D:1      | Reached skill level 4 in Fighting
   775 | D:2      | Reached XP level 3. HP: 29/33 MP: 2/2
   779 | D:2      | Found an opulent altar of Gozag.
  1029 | D:2      | Reached skill level 1 in Dodging
  1034 | D:2      | Reached XP level 4. HP: 36/40 MP: 3/3
  1354 | D:2      | Found a glowing golden altar of the Shining One.
  1541 | D:3      | Noticed Jerry's ghost (amateur DgGl)
  1556 | D:3      | Killed Jerry's ghost
  1556 | D:3      | Reached skill level 5 in Shields
  1556 | D:3      | Reached XP level 5. HP: 17/47 MP: 4/4
  1566 | D:3      | Reached skill level 5 in Armour
  1970 | D:3      | Reached XP level 6. HP: 48/53 MP: 5/5
  1988 | D:3      | Noticed Jessica
  1991 | D:3      | Killed Jessica
  2584 | D:4      | Noticed Pikel
  2602 | D:4      | Killed Pikel
  2602 | D:4      | Reached skill level 5 in Fighting
  2602 | D:4      | Reached skill level 6 in Armour
  2602 | D:4      | Reached XP level 7. HP: 20/61 MP: 6/6
  2746 | D:4      | Found Biakaymm's General Store.
  2904 | D:4      | Noticed Edmund
  2919 | D:4      | Killed Edmund
  3012 | D:4      | Noticed Robin
  3024 | D:4      | Killed Robin
  3037 | D:4      | Found a shimmering altar of Xom.
  3217 | D:4      | Found a burning altar of Makhleb.
  3398 | D:4      | Reached skill level 5 in Long Blades
  3398 | D:4      | Reached XP level 8. HP: 48/70 MP: 7/7
  3544 | D:4      | Found a stormy altar of Qazlal.
  3596 | D:5      | Entered Level 5 of the Dungeon
  3599 | D:5      | Found a white marble altar of Elyvilon.
  3713 | D:5      | Noticed Zeloya's ghost (novice KoFi)
  3726 | D:5      | Killed Zeloya's ghost
  3726 | D:5      | Reached skill level 7 in Armour
  4727 | D:6      | Found an ancient bone altar of Kikubaaqudgha.
  4735 | D:6      | Found a staircase to the Ecumenical Temple.
  4774 | D:6      | Reached skill level 8 in Shields
  4797 | D:6      | Found a deep blue altar of Sif Muna.
  5048 | D:6      | Found an iron altar of Okawaru.
  5048 | D:6      | Found a blossoming altar of Fedhas.
  5049 | D:6      | Found a basalt altar of Yredelemnul.
  5049 | D:6      | Found a burning altar of Makhleb.
  5052 | D:6      | Became a worshipper of Warmaster Okawaru
  5381 | D:7      | Reached XP level 9. HP: 67/79 MP: 8/8
  5655 | D:7      | Found Jur Secs's Magic Scroll Boutique.
  5772 | D:7      | Reached skill level 9 in Shields
  5795 | D:7      | Reached * piety under Okawaru
  6038 | D:8      | Found a staircase to the Lair.
  6050 | D:8      | Reached skill level 1 in Stealth
  6109 | D:8      | Reached ** piety under Okawaru
  6196 | D:8      | Reached skill level 10 in Shields
  6281 | D:8      | Reached XP level 10. HP: 81/88 MP: 9/9
  6727 | D:9      | Noticed Erolcha
  6745 | D:9      | Killed Erolcha
  6745 | D:9      | Reached *** piety under Okawaru
  6788 | D:9      | Noticed Maurice
  6840 | D:9      | Killed Maurice
  6840 | D:9      | Reached skill level 1 in Invocations
  6864 | D:9      | Found a radiant altar of Vehumet.
  6926 | D:9      | HP: 3/90 [troll (7)]
  6927 | D:9      | Slain by a troll

Action                   |  1- 3 |  4- 6 |  7- 9 | 10-12 || total
-------------------------+-------+-------+-------+-------++-------
Melee: Long sword        |    70 |   231 |   394 |   136 ||   831
Invok: Heroism           |       |       |     1 |     2 ||     3
  Use: Potion            |       |       |     1 |     1 ||     2
  Eat: Chunk             |       |     4 |    14 |     3 ||    21
       Royal jelly       |       |       |     1 |       ||     1
